Map: New Repugnancy LE

Players

TiPtOP - Winner!

  • Race: Terran Terran
  • League: Silver
  • Spawn Location: 1:00

VOD

Have the link to the VOD?

Description

Time

  • Played on: Aug. 14, 2019, 8:21 a.m.
  • Length: 13:05
Show
View Real Time Build Order
Export as new Build Order

TiPtOP Terran - Winner!

Build Orders:  

Get SALT Encoding   

  12  0:01  SCV  
  13  0:18  SCV  
  14  0:26  Supply Depot  
  14  0:35  SCV  
  15  0:56  SCV  
  16  1:02  Barracks  
  16  1:12  Refinery  
  16  1:13  SCV  
  17  1:30  SCV  
  18  1:47  SCV  
  19  2:04  SCV  
  19  2:05  Barracks  
  20  2:21  SCV  
  21  2:38  SCV  
  22  2:42  Barracks Reactor  
  23  3:07  Orbital Command  
  22  3:11  Command Center  
  22  3:23  Barracks Tech Lab  
  21  3:30  Supply Depot  
  21  3:48  Supply Depot  
  21  3:55  Marine x2  
  23  4:00  Marine  
  23  4:09  Stimpack  
  24  4:12  SCV  
  25  4:20  Marine x2  
  25  4:25  Marine  
  25  4:29  SCV  
  29  4:46  SCV  
  30  4:53  SCV  
  30  4:56  Supply Depot  
  31  5:03  SCV  
  32  5:10  SCV  
  32  5:19  Supply Depot  
  33  5:20  SCV  
  33  5:27  Supply Depot  
  34  5:34  Barracks  
  34  5:36  Refinery  
  34  5:39  Factory  
  34  5:46  Marine x3  
  37  5:57  Supply Depot  
  37  6:01  SCV x2  
  39  6:18  SCV x2  
  41  6:26  Marine  
  41  6:27  Marine x2  
  44  6:35  Supply Depot  
  44  6:41  SCV  
  44  6:42  Orbital Command  
  45  6:51  Marine  
  45  6:54  Marine x2  
  45  6:57  Barracks Reactor  
  48  7:03  Factory Reactor  
  48  7:05  Supply Depot  
  48  7:11  SCV  
  48  7:12  Starport  
  48  7:16  Marine  
  50  7:20  Marine  
  50  7:21  Marine  
  50  7:25  Unknown  
  50  7:28  SCV  
  53  7:34  SCV  
  54  7:41  Marine  
  54  7:45  SCV  
  54  7:46  Marine x2, Supply Depot  
  58  7:50  Marine x2  
  60  8:04  Engineering Bay  
  60  8:06  Marine  
  61  8:11  Marine  
  61  8:15  Marine  
  61  8:16  Marine x2  
  65  8:20  Medivac x2  
  65  8:22  Supply Depot  
  65  8:25  SCV  
  65  8:29  Widow Mine  
  70  8:31  Marine  
  70  8:36  Marine  
  74  8:40  Marine  
  74  8:41  Marine  
  74  8:42  SCV  
  74  8:46  Marine  
  78  8:56  Marine  
  78  8:58  Refinery  
  78  8:59  Widow Mine  
  79  9:05  Terran Infantry Weapons Level 1  
  81  9:18  Barracks  
  81  9:26  Supply Depot  
  81  9:32  Command Center  
  81  9:52  Marine x5  
  81  9:55  Medivac  
  81  9:56  Medivac  
  81  9:57  Supply Depot, Factory Reactor  
  90  10:00  Factory Tech Lab  
  90  10:17  Marine x4  
  90  10:19  SCV x2  
  90  10:36  SCV x2  
  92  11:41  Marine x3  
  92  11:42  Marine x3  
  92  11:46  Medivac x2  
  102  11:52  Siege Tank  
  105  12:06  Marine x3  
  105  12:07  Marauder  
Tags
 
Add a new tag
Caveats
  • Supply blocks, unpowered buildings, or Contaminate may cause inaccurate times.
  • Supply counts are checked every 10 seconds.